 Dungeon Crawl Stone Soup version 0.22-a0-166-g5351223 (console) character file.

74153 Duffy the Black Belt (level 15, -18/137 (138) HPs)
             Began as a Naga Transmuter on Feb 13, 2018.
             Was an Elder of Cheibriados.
             Killed from afar by Frances (48 damage)
             ... with an iron shot
             ... on level 13 of the Dungeon.
             The game lasted 00:52:32 (24163 turns).

Duffy the Black Belt (Naga Transmuter)             Turns: 24163, Time: 00:52:33

HP:   -18/137 (138) AC: 15    Str: 17    XL:     15   Next: 45%
MP:   34/34         EV:  7    Int: 33    God:    Cheibriados [****..]
Gold: 2136          SH:  9    Dex: 19    Spells: 7/26 levels left

rFire    + + .     SeeInvis +     - Unarmed
rCold    + + +     Gourm    .   P - +0 shield {reflect}
rNeg     . . .     Faith    .   M - +1 chain mail of Ethics {rF++ rC+++ Str-4 Dex-3}
rPois    +         Spirit   .   c - +3 hat of Pondering {ponderous, MR+ MP+10 Int+5}
rElec    .         Reflect  +   y - +0 cloak
rCorr    .         Harm     .   x - +0 pair of gloves
MR       +++..                  (no barding)
Stlth    ..........             H - amulet of regeneration
HPRegen  0.72/turn              G - ring of protection from magic
MPRegen  0.24/turn              C - ring of wizardry

@: drained, very slow
A: large, see invisible, deformed body, poison resistance, slowness 2, slow
metabolism 1, spit poison 1, constrict 1, AC +5
a: Spit Poison, Bend Time, Temporal Distortion, Slouch, Renounce Religion


You were on level 13 of the Dungeon.
You worshipped Cheibriados.
Cheibriados was greatly pleased with you.
You were not hungry.

You visited 3 branches of the dungeon, and saw 21 of its levels.
You also visited: Sewer.

You collected 2527 gold pieces.
You spent 391 gold pieces at shops.

Inventory:

Hand Weapons
 q - the +9 staff of Wucad Mu {channel}
   (You found it on level 6 of the Lair of Beasts)
Missiles
 a - 266 arrows
 B - 3 throwing nets (quivered)
Armour
 c - the +3 hat of Pondering (worn) {ponderous, MR+ MP+10 Int+5}
   (You took it off Gastronok on level 1 of the Lair of Beasts)

   It affects your intelligence (+5).
   It affects your resistance to hostile enchantments.
   It affects your magic capacity (+10).
 x - a +0 pair of gloves (worn)
 y - a +0 cloak (worn)
 M - the +1 chain mail of Ethics (worn) {rF++ rC+++ Str-4 Dex-3}
   (You found it on level 13 of the Dungeon)

   It affects your strength (-4).
   It affects your dexterity (-3).
   It greatly protects you from fire.
   It renders you almost immune to cold.
 P - a +0 shield of reflection (worn)
Jewellery
 C - a ring of wizardry (right hand)
 G - a ring of protection from magic (left hand)
 H - an amulet of regeneration (around neck)
Wands
 b - a wand of iceblast (19)
 o - a wand of digging (16)
 t - a wand of enslavement (24)
 v - a wand of scattershot (4)
 A - a wand of paralysis (26)
 J - a wand of acid (15)
Scrolls
 e - 6 scrolls of remove curse
 h - 3 scrolls of blinking
 i - 5 scrolls of amnesia
 k - 2 scrolls of fog
 l - 2 scrolls of identify
 m - 4 scrolls of immolation
 n - 2 scrolls of teleportation
 p - 5 scrolls of fear
 s - 3 scrolls of enchant armour
 K - a scroll of vulnerability
 L - 2 scrolls of torment {unknown}
 N - 2 scrolls of magic mapping
Potions
 f - 8 potions of curing
 g - a potion of agility
 r - 6 potions of brilliance
 u - a potion of magic
 w - 2 potions of mutation
 z - 4 potions of heal wounds
 D - a potion of lignification
 E - 2 potions of might
 I - 2 potions of flight
 O - a potion of cancellation
Miscellaneous
 j - a phial of floods
Comestibles
 d - 32 rations


   Skills:
 - Level 10.0(9.2) Fighting
 - Level 10.0(9.2) Dodging
 + Level 3.7(3.1) Shields
 - Level 15.3(14.4) Unarmed Combat
 - Level 6.0(5.3) Spellcasting
 - Level 3.2(2.5) Hexes
 - Level 3.0(2.3) Translocations
 - Level 6.0(5.3) Transmutations
 - Level 3.1(2.5) Air Magic
 - Level 3.0(2.3) Poison Magic
 + Level 11.0(10.2) Invocations
 - Level 6.0(5.3) Evocations


You had 7 spell levels left.
You knew the following spells:

 Your Spells              Type           Power        Failure   Level  Hunger
a - Blade Hands           Tmut           #####.....   97%         5    #####..
b - Confusing Touch       Hex            ####..       38%         1    None
h - Sticks to Snakes      Tmut           #####...     21%         2    None
j - Mephitic Cloud        Conj/Pois/Air  ###.....     86%         3    None
k - Ice Form              Ice/Tmut       ####....     98%         4    ###....
l - Spider Form           Tmut/Pois      ####......   56%         3    None
u - Apportation           Tloc           ###...       41%         1    None


Dungeon Overview and Level Annotations

Branches:
Dungeon (13/15)            Temple (0/1) D:6            Lair (6/6) D:11
  Swamp (0/4) Lair:2        Snake (0/4) Lair:4        Slime (0/5) Lair:5
    Orc (2/2) D:12            Elf (0/3) Orc:2
 Vaults: D:13-14

Altars:
Cheibriados
Dithmenos
Elyvilon
Fedhas
Kikubaaqudgha
Makhleb
Nemelex Xobeh
Okawaru
Ru
Sif Muna
Uskayaw
Xom
Yredelemnul
Zin
The Shining One
Beogh
Jiyva

Shops:
D:4 :   D:10 (   Orc:2 [*(:

Annotations:
D:5 exclusion: oklob plant
D:8 exclusion: obsidian statue
D:13 Frances


Innate Abilities, Weirdness & Mutations

You cannot wear boots.
Your serpentine skin is tough. (AC +5)
You have supernaturally acute eyesight. (SInv)
Armour fits poorly on your strangely shaped body.
Your system is resistant to poisons. (rPois)
You cover ground very slowly.
You have a slow metabolism.
You can spit poison.
You can use your snake-like lower body to constrict enemies.


Message History

Frances is heavily wounded.
You constrict Frances.
Frances whispers indecipherable words.
The shard of ice hits you! You partially resist.
The hellwing hits you but does no damage.
The hellwing barely misses you.
The soul eater hits you but does no damage.
You punch Frances!
Frances is severely wounded.
You constrict Frances.
Frances mutters a nigh-unspeakable word.
Frances chants phrases taken from a devil's mouth.
The hellwing hits you but does no damage.
The hellwing hits you.
You hit Frances but do no damage.
Frances is severely wounded.
You constrict Frances.
Frances whispers indecipherable words.
The iron shot hits you!
You die...

#..###..### ..#
##..##
....###..##
......##..##
........#).##
.......%.#..##
.........##..##
.........###.4###
........## ##@4.#
........# #3@...#
........#
#.......#
.......##
#........#
.......
#........#
.........#
#.........#
#$.......##


You could see Frances, a soul eater, a hellwing and an ice devil.

Vanquished Creatures
  Rupert (Lair:4)
  Gastronok (Lair:1)
  Donald (Orc:2)
  2 orc warlords (Orc:1)
  5 dire elephants (Lair:6)
  Snorg (Lair:6)
  6 hydras
  Erolcha (Orc:2)
  A centaur warrior (D:12)
  A catoblepas (Lair:5)
  An anaconda (Lair:6)
  2 death yaks (Lair:3)
  4 two-headed ogres
  5 orc high priests
  A swamp dragon (shapeshifter) (D:13)
  2 unseen horrors
  4 orc knights
  2 manticores
  3 oklob plants (Lair:5)
  An ugly thing (D:10)
  5 orc sorcerers
  A cyclops (D:12)
  14 elephants
  A black mamba (Lair:3)
  2 torpor snails
  5 spiny frogs
  4 komodo dragons
  8 rime drakes
  An efreet (D:13)
  7 trolls
  A queen bee (shapeshifter) (D:13)
  Prince Ribbit (D:7)
  A polar bear (Lair:5)
  A hornet (D:12)
  11 blink frogs
  7 hippogriffs
  A blink frog (shapeshifter) (D:13)
  7 dream sheep (Lair:6)
  Sigmund (D:4)
  A wraith (D:12)
  37 yaks
  A basilisk (Lair:6)
  3 wyverns
  4 humans (D:8)
  A hungry ghost (D:12)
  Eustachio (D:5)
  9 steam dragons
  Grum (D:8)
  6 swamp worms (Lair:2)
  6 wargs
  2 nagas (Lair:4)
  A soldier ant (D:11)
  Edmund (D:4)
  9 water moccasins
  4 porcupines
  An ice beast (D:5)
  4 sky beasts
  Purgy (Sewer)
  36 orc warriors
  2 necrophages
  9 ogres
  A phantom (D:10)
  5 centaurs
  9 wolves
  12 crocodiles
  3 big kobolds
  13 bullfrogs
  A wyvern zombie (D:13)
  6 killer bees (D:8)
  8 howler monkeys
  An electric eel (Lair:2)
  5 crimson imps
  A centaur zombie (D:9)
  2 bullfrog zombies
  6 jellies
  18 orc priests
  6 hounds
  A bullfrog skeleton (D:8)
  6 iguanas
  Jessica (D:3)
  Ijyb (D:5)
  9 worker ants
  33 orc wizards
  3 hound zombies
  A hound skeleton (D:9)
  A worker ant zombie (D:11)
  A howler monkey zombie (D:11)
  8 gnolls
  11 adders
  A howler monkey skeleton (D:11)
  7 shadow imps
  2 oozes (D:1)
  3 adder skeletons
  2 worms
  6 leopard geckos
  101 orcs
  13 bats
  A giant cockroach (D:2)
  10 goblins
  7 hobgoblins
  7 jackals
  6 quokkas
  4 ball pythons
  4 frilled lizards
  2 jackal skeletons (D:5)
  A jackal zombie (D:5)
  20 kobolds
  A leopard gecko skeleton (D:4)
  A leopard gecko zombie (D:5)
  5 rats
  A bush (Lair:2)
  A fungus (Lair:6)
  2 plants (Lair:6)
645 creatures vanquished.

Vanquished Creatures (collateral kills)
  A hippogriff (Lair:1)
  Crazy Yiuf (D:6)
2 creatures vanquished.

Vanquished Creatures (others)
  The ghost of tilp the Chiller, an amateur MfIE (D:3)
  A centaur (D:9)
  An orc wizard (Orc:2)
  3 fungi
  17 plants
23 creatures vanquished.

Grand Total: 670 creatures vanquished

Notes
Turn   | Place    | Note
-------+----------+-------------------------------------------
     0 | D:1      | Duffy the Naga Transmuter began the quest for the Orb.
     0 | D:1      | Reached XP level 1. HP: 18/18 MP: 3/3
   397 | D:1      | Reached XP level 2. HP: 19/25 MP: 3/5
   689 | D:1      | Found a sparkling altar of Nemelex Xobeh.
   953 | D:1      | Reached skill level 4 in Unarmed Combat
  1008 | D:1      | Learned a level 2 spell: Sticks to Snakes
  1019 | D:1      | Reached XP level 3. HP: 31/31 MP: 4/6
  1024 | D:1      | Learned a level 3 spell: Spider Form
  1947 | D:2      | Reached skill level 1 in Poison Magic
  2380 | D:2      | Reached XP level 4. HP: 15/38 MP: 3/7
  2814 | D:3      | Noticed tilp's ghost (amateur MfIE)
  2816 | D:3      | Noticed Jessica
  2861 | D:3      | Killed Jessica
  3102 | D:3      | Found a sacrificial altar of Ru.
  3111 | D:3      | Reached skill level 5 in Unarmed Combat
  3111 | D:3      | Reached XP level 5. HP: 36/44 MP: 4/8
  3161 | D:3      | Found an ancient bone altar of Kikubaaqudgha.
  3284 | D:3      | Found a glowing drain.
  3307 | D:3      | Reached XP level 6. HP: 37/51 MP: 6/9
  3311 | D:3      | Killed tilp's ghost
  3333 | Sewer    | Entered a sewer
  3426 | Sewer    | Noticed Purgy
  3437 | Sewer    | Killed Purgy
  3437 | Sewer    | Reached skill level 6 in Unarmed Combat
  4231 | D:4      | Learned a level 1 spell: Apportation
  4233 | D:4      | Learned a level 1 spell: Confusing Touch
  4259 | D:4      | Reached XP level 7. HP: 40/57 MP: 3/10
  4353 | D:4      | Reached skill level 7 in Unarmed Combat
  4443 | D:4      | Found a snail-covered altar of Cheibriados.
  4449 | D:4      | Became a worshipper of Cheibriados the Contemplative
  4453 | D:4      | Noticed Sigmund
  4463 | D:4      | Killed Sigmund
  4520 | D:4      | Found a white marble altar of Elyvilon.
  4595 | D:4      | Found a deep blue altar of Sif Muna.
  4620 | D:4      | Found Mohoq's Book Shop.
  4625 | D:4      | Noticed Edmund
  4628 | D:4      | Was placed under penance by Cheibriados
  4633 | D:4      | Killed Edmund
  4687 | D:4      | Was forgiven by Cheibriados
  4716 | D:4      | Found an iron altar of Okawaru.
  5066 | D:5      | Entered Level 5 of the Dungeon
  5212 | D:5      | Noticed Ijyb
  5218 | D:5      | Killed Ijyb
  5240 | D:5      | Reached XP level 8. HP: 52/69 MP: 2/11
  5485 | D:5      | Reached * piety under Cheibriados
  5689 | D:5      | Found a blossoming altar of Fedhas.
  5700 | D:5      | Noticed an oklob plant
  5986 | D:5      | Reached skill level 8 in Unarmed Combat
  6836 | D:6      | Noticed Eustachio
  6927 | D:5      | Killed Eustachio
  7106 | D:6      | Reached skill level 1 in Invocations
  7113 | D:6      | Reached XP level 9. HP: 79/79 MP: 7/12
  7225 | D:6      | Found a staircase to the Ecumenical Temple.
  7333 | D:6      | Found a basalt altar of Yredelemnul.
  7354 | D:6      | Reached ** piety under Cheibriados
  7357 | D:6      | Reached skill level 5 in Fighting
  7602 | D:6      | Found a glowing golden altar of the Shining One.
  7683 | D:6      | Found a runed door.
  7687 | D:6      | Noticed Crazy Yiuf
  7692 | D:6      | Killed Crazy Yiuf
  7952 | D:6      | Found a burning altar of Makhleb.
  8091 | D:7      | Noticed Prince Ribbit
  8241 | D:7      | Reached skill level 9 in Unarmed Combat
  8315 | D:7      | Killed Prince Ribbit
  8352 | D:7      | Reached skill level 5 in Dodging
  8363 | D:7      | Reached *** piety under Cheibriados
  8537 | D:7      | Reached skill level 5 in Invocations
  8902 | D:7      | Found a sparkling altar of Nemelex Xobeh.
  9117 | D:8      | Reached XP level 10. HP: 88/88 MP: 10/14
  9137 | D:7      | Learned a level 5 spell: Blade Hands
  9248 | D:8      | Noticed an obsidian statue
  9370 | D:8      | Reached **** piety under Cheibriados
  9395 | D:8      | Found a glowing silver altar of Zin.
  9406 | D:8      | Noticed a two-headed ogre
  9412 | D:8      | Killed a two-headed ogre
  9422 | D:8      | Reached skill level 10 in Unarmed Combat
  9691 | D:8      | Reached skill level 5 in Transmutations
  9882 | D:8      | Noticed Grum
 10182 | D:8      | Killed Grum
 10674 | D:9      | Found a hide-covered altar of Uskayaw.
 10745 | D:9      | Reached ***** piety under Cheibriados
 10796 | D:9      | Found a shimmering altar of Xom.
 10863 | D:9      | Found a white marble altar of Elyvilon.
 10884 | D:9      | Reached XP level 11. HP: 94/94 MP: 16/16
 11548 | D:10     | Entered Level 10 of the Dungeon
 11875 | D:10     | Noticed a purple ugly thing
 11890 | D:10     | Killed a purple ugly thing
 11890 | D:10     | Reached skill level 11 in Unarmed Combat
 11997 | D:10     | Found Asuy's Weapon Shop.
 12420 | D:11     | Noticed a two-headed ogre
 12430 | D:11     | Killed a two-headed ogre
 12525 | D:11     | Noticed a two-headed ogre
 12531 | D:11     | Killed a two-headed ogre
 12598 | D:11     | Noticed a seven-headed hydra
 12630 | D:11     | Learned a level 4 spell: Ice Form
 12735 | D:11     | Killed a seven-headed hydra
 12852 | D:11     | Noticed an unseen horror
 12860 | D:11     | Killed an unseen horror
 13009 | D:11     | Found a staircase to the Lair.
 13611 | Lair:1   | Entered Level 1 of the Lair of Beasts
 13672 | Lair:1   | Reached skill level 5 in Spellcasting
 13772 | Lair:1   | Noticed a five-headed hydra
 13780 | Lair:1   | Killed a five-headed hydra
 13868 | Lair:1   | Noticed a seven-headed hydra
 13875 | Lair:1   | Killed a seven-headed hydra
 13875 | Lair:1   | Reached XP level 12. HP: 75/104 MP: 17/21
 14409 | Lair:1   | Learned a level 3 spell: Mephitic Cloud
 14474 | Lair:1   | Noticed Gastronok
 14511 | Lair:1   | Reached skill level 1 in Air Magic
 14513 | Lair:1   | Reached ****** piety under Cheibriados
 14523 | Lair:1   | Killed Gastronok
 14523 | Lair:1   | Reached skill level 12 in Unarmed Combat
 14930 | Lair:2   | Reached skill level 1 in Evocations
 15831 | Lair:2   | Found a staircase to the Swamp.
 15993 | Lair:3   | Noticed a death yak
 15996 | Lair:3   | Noticed a death yak
 15998 | Lair:3   | Killed a death yak
 15998 | Lair:3   | Gained mutation: You can use your snake-like lower body to constrict enemies. [Naga growth]
 15998 | Lair:3   | Reached XP level 13. HP: 113/113 MP: 22/22
 16002 | Lair:3   | Reached skill level 5 in Evocations
 17153 | Lair:4   | Found a staircase to the Snake Pit.
 17188 | Lair:4   | Noticed Rupert
 17201 | Lair:4   | Killed Rupert
 17218 | Lair:4   | Reached skill level 13 in Unarmed Combat
 18155 | Lair:5   | Reached skill level 1 in Shields
 18770 | Lair:5   | Found a viscous altar of Jiyva.
 18771 | Lair:5   | Found a staircase to the Slime Pits.
 19320 | Lair:5   | Reached XP level 14. HP: 76/126 MP: 23/23
 19374 | Lair:6   | Entered Level 6 of the Lair of Beasts
 19691 | Lair:6   | Found a shadowy altar of Dithmenos.
 19838 | Lair:6   | Noticed Snorg
 19844 | Lair:6   | Killed Snorg
 20357 | Lair:6   | Noticed a dire elephant
 20368 | Lair:6   | Killed a dire elephant
 20383 | Lair:6   | Noticed a dire elephant
 20410 | Lair:6   | Killed a dire elephant
 20447 | Lair:6   | Noticed a dire elephant
 20455 | Lair:6   | Killed a dire elephant
 20558 | Lair:6   | Noticed a dire elephant
 20558 | Lair:6   | Noticed a dire elephant
 20559 | Lair:6   | Found the +9 staff of Wucad Mu {channel}
 20565 | Lair:6   | HP: 2/129 [dire elephant (32)]
 20713 | Lair:6   | Killed a dire elephant
 20772 | Lair:6   | Killed a dire elephant
 20772 | Lair:6   | Reached skill level 10 in Fighting
 21049 | D:12     | Reached skill level 14 in Unarmed Combat
 21369 | D:12     | Found a staircase to the Orcish Mines.
 21562 | Orc:1    | Entered Level 1 of the Orcish Mines
 21562 | Orc:1    | Found a roughly hewn altar of Beogh.
 21787 | Orc:1    | Noticed an orc warlord
 21798 | Orc:1    | Killed an orc warlord
 22002 | Orc:1    | Reached skill level 10 in Dodging
 22227 | Orc:1    | Found a burning altar of Makhleb.
 22290 | Orc:2    | Entered Level 2 of the Orcish Mines
 22390 | Orc:2    | Noticed Erolcha
 22397 | Orc:2    | Killed Erolcha
 22397 | Orc:2    | Reached XP level 15. HP: 137/137 MP: 24/24
 22452 | Orc:2    | Noticed an orc warlord
 22682 | Orc:1    | Killed an orc warlord
 22682 | Orc:1    | Reached skill level 15 in Unarmed Combat
 22682 | Orc:1    | Reached skill level 10 in Invocations
 22822 | Orc:2    | Found Yzuriud's General Store.
 22823 | Orc:2    | Found Lit Ong's Book Shoppe.
 22825 | Orc:2    | Found Usmitocw's Antique Armour Emporium.
 22825 | Orc:2    | Found Ummiomas's Antique Weapon Emporium.
 22921 | Orc:2    | Found a staircase to the Elven Halls.
 22922 | Orc:2    | Noticed Donald
 23250 | Orc:2    | Killed Donald
 23667 | Orc:2    | Bought a runed shield for 255 gold pieces
 23709 | Orc:2    | Bought a scroll of fog for 26 gold pieces
 23709 | Orc:2    | Bought a scroll of magic mapping for 45 gold pieces
 23709 | Orc:2    | Bought a potion of curing for 39 gold pieces
 23709 | Orc:2    | Bought a scroll of identify for 26 gold pieces
 24052 | D:13     | Got a faintly glowing chain mail
 24081 | D:12     | Identified the +1 chain mail of Ethics {rF++ rC+++ Str-4 Dex-3} (You found it on level 13 of the Dungeon)
 24152 | D:13     | Noticed Frances
 24163 | D:13     | Killed from afar by Frances

Vault maps used:
D:1:      wheals_arrival_linesprint, roderic_lattice_a, st_stairs_10,
          nemelex_xobeh_ov_fountains_minmay
D:2:      kennysheep_generic_room_5
D:3:      nicolae_ru_great_annihilating_truth, old_standard_altar,
          cheibrodos_sewer_entry_sluice, kennysheep_small_spiral,
          lemuel_another_geyser, uniq_jessica
D:4:      old_standard_altar, kennysheep_mini, lemuel_round_altar, serial_shops,
          nicolae_shop_window_shopping, elyvilon_altar_3, uniq_edmund,
          uniq_sigmund
D:5:      first_ration, tgw_fedhas, uniq_ijyb
D:6:      lemuel_crystal_altar, overflow_temple_1_default, tso_altar,
          temple_hall, uniq_crazy_yiuf_cottage, uniq_eustachio
D:7:      grunt_ogre_cave, nemelex_spade_bored_becter, uniq_prince_ribbit1
D:8:      minmay_statue_hallways, zin_academy, minmay_ruffians, uniq_grum
D:9:      xom_confusion_cloud, lemuel_doored_altar, kennysheep_mini_moat,
          grunt_decor_mini_mirrors
D:10:     cheibrodos_helix_gallery, serial_shops,
          nicolae_shop_competitors_out_of_business
D:11:     lair_entry_dummy, kennysheep_generic_room_7
D:12:     orc_0_dummy
D:13:     david_vaults_1, pf_eden, uniq_frances
Lair:1:   serial_bayou_lagoon_b, uniq_gastronok
Lair:2:   nicolae_swamp_entry_splash_gauntlet, bobbens_dragon_lair_wall
Lair:3:   serial_bayou_shore_b
Lair:4:   minmay_snake_entry_guardpost_small, uniq_rupert
Lair:5:   dpeg_oklob_gauntlet, slime_altar_1
Lair:6:   due_jungle_book, basic_altar, lemuel_fruit_fields,
          serial_bayou_shore_a, uniq_snorg
Orc:1:    basic_altar, bloody_makhleb
Orc:2:    st_orc_congregation, uniq_erolcha, uniq_donald
Sewer:    sewer_big_baddie

Skill      XL: |  1  2  3  4  5  6  7  8  9 10 11 12 13 14 15 |
---------------+----------------------------------------------+-----
Unarmed Combat | 4 5 6 7 8 9 10 11 12 13 14 15 | 15.3
Poison Magic   | 1 2 3 |  3.0
Transmutations | 3 5 6 |  6.0
Dodging        | 3 4 5 6 8 10 | 10.0
Fighting       | 3 4 5 6 8 10 | 10.0
Invocations    | 1 5 7 9 11 | 11.0
Spellcasting   | 6 |  6.0
Hexes          | 2 3 |  3.2
Translocations | 2 3 |  3.0
Air Magic      | 3 |  3.1
Evocations     | 4 6 |  6.0
Shields        | 3 |  3.7

Action                   |  1- 3 |  4- 6 |  7- 9 | 10-12 | 13-15 || total
-------------------------+-------+-------+-------+-------+-------++-------
Melee: Unarmed           |   143 |   158 |   353 |   512 |   562 ||  1728
       Headbutt          |     4 |     4 |     2 |       |       ||    10
       Punch             |       |     1 |     5 |    31 |    39 ||    76
       Constrict         |       |       |       |       |   116 ||   116
 Cast: Beastly Appendage |    13 |     4 |     4 |       |       ||    21
       Sticks to Snakes  |     2 |       |     3 |       |       ||     5
       Spider Form       |     1 |     8 |    33 |    25 |       ||    67
       Apportation       |       |       |       |     3 |     1 ||     4
       Blade Hands       |       |       |       |    27 |    39 ||    66
       Ice Form          |       |       |       |     3 |     2 ||     5
Invok: Slouch            |       |       |       |       |    15 ||    15
       Temporal Distorti |       |       |       |       |    12 ||    12
 Abil: Spit Poison       |       |     4 |     1 |     5 |       ||    10
       End Transformatio |       |       |       |     9 |     2 ||    11
Evoke: Phial of floods   |       |       |       |     1 |     1 ||     2
       Wand              |       |       |       |       |    58 ||    58
  Use: Potion            |       |     1 |     2 |       |     2 ||     5
       Scroll            |       |     7 |     8 |     9 |    13 ||    37
 Stab: Paralysed         |       |     1 |       |       |       ||     1
       Sleeping          |       |     1 |       |     4 |     5 ||    10
       Distracted        |       |       |       |     1 |       ||     1
  Eat: Chunk             |     4 |     6 |    10 |    19 |    12 ||    51
       Ration            |       |       |     2 |     1 |     8 ||    11
Armor: Robe              |    53 |     8 |       |       |       ||    61
       Skin              |       |     6 |     6 |     5 |     3 ||    20
       Troll leather arm |       |       |    19 |    71 |   176 ||   266
       Chain mail        |       |       |       |       |    11 ||    11
Dodge: Dodged            |   105 |    99 |   268 |   434 |   531 ||  1437
Block: Buckler           |       |       |       |       |    53 ||    53
       Shield            |       |       |       |       |    55 ||    55

Table legend:
 A = Spawn XP
 B = Non-spawn XP
 C = Spawn XP percentage of total XP
 D = Spawn monster count
 E = Non-spawn monster count
 F = Spawn count percentage of total count
 G = Total turns spent on level
                    A         B        C        D         E        F      G
               +---------+---------+-------+---------+---------+-------+---------
         Total |       0 |  105934 |   0.0 |       0 |     644 |   0.0 | 24163
               +---------+---------+-------+---------+---------+-------+---------
           D:1 |       0 |      62 |   0.0 |       0 |      34 |   0.0 |  1837
           D:2 |       0 |      30 |   0.0 |       0 |      10 |   0.0 |  1080
           D:3 |       0 |     285 |   0.0 |       0 |      34 |   0.0 |  1120
           D:4 |       0 |     560 |   0.0 |       0 |      14 |   0.0 |   849
           D:5 |       0 |     906 |   0.0 |       0 |      28 |   0.0 |  1873
           D:6 |       0 |    1298 |   0.0 |       0 |      30 |   0.0 |  1324
           D:7 |       0 |    1140 |   0.0 |       0 |      22 |   0.0 |   749
           D:8 |       0 |    3552 |   0.0 |       0 |      45 |   0.0 |  1440
           D:9 |       0 |    1776 |   0.0 |       0 |      29 |   0.0 |  1127
          D:10 |       0 |    1095 |   0.0 |       0 |       8 |   0.0 |   733
          D:11 |       0 |    4959 |   0.0 |       0 |      27 |   0.0 |  1328
          D:12 |       0 |    8562 |   0.0 |       0 |      40 |   0.0 |  1144
          D:13 |       0 |    2937 |   0.0 |       0 |      11 |   0.0 |   185
        Lair:1 |       0 |    8901 |   0.0 |       0 |      27 |   0.0 |  1286
        Lair:2 |       0 |    6470 |   0.0 |       0 |      28 |   0.0 |  1193
        Lair:3 |       0 |    9137 |   0.0 |       0 |      30 |   0.0 |  1051
        Lair:4 |       0 |    5634 |   0.0 |       0 |      16 |   0.0 |  1038
        Lair:5 |       0 |    8412 |   0.0 |       0 |      25 |   0.0 |  1437
        Lair:6 |       0 |   16935 |   0.0 |       0 |      35 |   0.0 |  1349
         Orc:1 |       0 |   10497 |   0.0 |       0 |      64 |   0.0 |   725
         Orc:2 |       0 |   12647 |   0.0 |       0 |      81 |   0.0 |  1115
         Sewer |       0 |     139 |   0.0 |       0 |       6 |   0.0 |   180
               +---------+---------+-------+---------+---------+-------+---------
